 Dungeon Crawl Stone Soup version 0.21-a0-471-gd587bd5 (webtiles) character file.

477558 namelastname112 the Unseen (level 24, 0/143 HPs)
             Began as a Vine Stalker Wanderer on Nov 21, 2017.
             Was an Initiate of Gozag.
             Killed by the air
             ... invoked by a spriggan air mage
              (18 damage)
             ... on level 4 of the Depths.
             The game lasted 01:54:49 (52987 turns).

namelastname112 the Unseen (Vine Stalker Wanderer) Turns: 52987, Time: 01:54:50

Health: 0/143      AC: 21    Str: 30    XL:     24   Next: 79%
Magic:  0/47       EV: 17    Int:  9    God:    Gozag
Gold:   2598       SH: 11    Dex: 26    Spells: 37/43 levels left

rFire    . . .     SeeInvis +   J - +9 quick blade (freeze)
rCold    + + +     Gourm    .   G - +2 buckler "Kycuc" {rC+ Dex-3 Stlth+}
rNeg     + + .     Faith    .   q - +7 plate armour of Anaesthesia {rN++ Dex-5}
rPois    +         Spirit   +   s - +2 hat {MR+}
rElec    .         Reflect  .   z - +2 cloak of the Thief {+Fog Slay-2 SInv Stlth+}
rCorr    .         Harm     .   t - +1 pair of gloves "Qus Pia" {Dex+2}
MR       +++++                  Z - +0 pair of boots of the Jolly Allies {rC+++ Regen+ Str+4}
Stlth    +++++++...             C - amulet of regeneration
HPRegen  1.93/turn              L - ring of Ucrutrut {rC+ MP+9 Str+3 Dex+5}
MPRegen  0.30/turn              u - ring "Loezahal" {rPois Int+2 Slay+2 Stlth+}

@: corroded, very slightly contaminated, constricted
A: fangs 3, agile 2, dopey 1, magic resistance 1, regeneration 2, robust 1,
strong 1, evolution 1, magic shield, antimagic bite, no potion heal 3, rot
immunity
}: 2/15 runes: serpentine, barnacled
a: Potion Petition, Call Merchant, Bribe Branch, Renounce Religion, Evoke Fog


You were on level 4 of the Depths.
You worshipped Gozag.
Gozag was most pleased with you.
You were very hungry.

You visited 9 branches of the dungeon, and saw 44 of its levels.
You visited 1 bazaar.
You also visited: Labyrinth, Trove and Wizlab.

You collected 25830 gold pieces.
You spent 5835 gold pieces at shops.
You paid 17397 gold pieces to Gozag.

Inventory:

Hand Weapons
 J - a +9 quick blade of freezing (weapon)
Missiles
 F - 6 throwing nets (quivered)
Armour
 q - the +7 plate armour of Anaesthesia (worn) {rN++ Dex-5}
   (You bought it in a shop on level 15 of the Dungeon)

   It affects your dexterity (-5).
   It greatly protects you from negative energy.
 s - a +2 hat of magic resistance (worn)
 t - the +1 pair of gloves "Qus Pia" (worn) {Dex+2}
   (You bought it in a shop on level 1 of the Lair of Beasts)

   It affects your dexterity (+2).
 z - the +2 cloak of the Thief (worn) {+Fog Slay-2 SInv Stlth+}
   (You found it in a wizard's laboratory)

   It affects your accuracy and damage with ranged weapons and melee attacks
   (-2).
   It lets you see invisible.
   It makes you more stealthy.
 G - the +2 buckler "Kycuc" (worn) {rC+ Dex-3 Stlth+}
   (You found it on level 2 of the Depths)

   It affects your dexterity (-3).
   It protects you from cold.
   It makes you more stealthy.
 Z - the +0 pair of boots of the Jolly Allies (worn) {rC+++ Regen+ Str+4}
   (You found it in a wizard's laboratory)

   It affects your strength (+4).
   It renders you almost immune to cold.
   It increases your rate of regeneration.
Jewellery
 u - the ring "Loezahal" (right hand) {rPois Int+2 Slay+2 Stlth+}
   (You bought it in a shop on level 3 of the Depths)

   [ring of stealth]

   It affects your intelligence (+2).
   It affects your accuracy and damage with ranged weapons and melee attacks
   (+2).
   It protects you from poison.
   It makes you more stealthy.
 C - an amulet of regeneration (around neck)
 L - the ring of Ucrutrut (left hand) {rC+ MP+9 Str+3 Dex+5}
   (You took it off a merfolk on level 4 of the Shoals)

   [ring of dexterity]

   It affects your strength (+3).
   It affects your dexterity (+5).
   It protects you from cold.
   It affects your magic capacity (+9).
Wands
 l - a wand of scattershot (3)
 K - a wand of acid (16)
 P - a wand of paralysis (14)
 Q - a wand of clouds (5)
 T - a wand of iceblast (37)
 U - a wand of digging (46)
Scrolls
 a - 4 scrolls of amnesia
 b - 8 scrolls of blinking
 g - a scroll of summoning
 i - a scroll of holy word
 k - 15 scrolls of enchant armour
 m - 15 scrolls of teleportation
 n - 10 scrolls of fog
 p - 19 scrolls of remove curse
 x - 26 scrolls of identify
 A - 8 scrolls of magic mapping
 M - a scroll of enchant weapon
Potions
 d - 4 potions of haste
 e - 17 potions of curing
 h - 5 potions of resistance
 j - 3 potions of magic
 o - 4 potions of cancellation
 B - 6 potions of agility
 E - 5 potions of brilliance
 H - 3 potions of ambrosia
 N - 2 potions of mutation
 O - 13 potions of flight
 V - 7 potions of might
Miscellaneous
 r - a lightning rod (4/4)
 v - a fan of gales
 y - a phial of floods
Comestibles
 c - 20 royal jellies
 f - 12 bread rations
 w - 2 meat rations
 I - 62 fruits


   Skills:
 + Level 14.8 Fighting
 + Level 14.0 Short Blades
   Level 3.6 Axes
 - Level 9.9 Throwing
 + Level 13.7 Armour
 + Level 13.5 Dodging
 + Level 19.7 Stealth
 + Level 12.5 Shields
 - Level 10.1 Spellcasting
 - Level 13.0 Translocations
 - Level 14.0 Evocations


You had 37 spell levels left.
You knew the following spells:

 Your Spells              Type           Power        Failure   Level  Hunger
a - Blink                 Tloc           N/A          1%          2    #......
b - Passage of Golubria   Tloc           N/A          3%          4    ####...


Dungeon Overview and Level Annotations

Branches:
Dungeon (15/15)            Temple (1/1) D:7            Lair (6/6) D:10
 Shoals (4/4) Lair:2        Snake (4/4) Lair:3        Slime (0/5) Lair:6
    Orc (2/2) D:9             Elf (3/3) Orc:2        Vaults (4/5) D:14
  Crypt (0/3) Vaults:2     Depths (5/5) D:15
    Zot: Depths:5

Altars:
Ashenzari
Cheibriados
Dithmenos
Elyvilon
Fedhas
Gozag
Hepliaklqana
Kikubaaqudgha
Makhleb
Nemelex Xobeh
Okawaru
Qazlal
Ru
Sif Muna
Trog
Uskayaw
Vehumet
Wu Jian
Xom
Yredelemnul
Zin
The Shining One
Beogh
Jiyva
Lugonu

Shops:
D:7 *   D:15 (([   Orc:2 (*!(   Elf:2 ?   Lair:1 ?((((*[[   Shoals:2 %
Snake:4 =}}   Depths:3 [[(}==[   Depths:4 [

Portals:
Hell: Depths:1 Depths:2 Depths:3
Abyss: Depths:2 Depths:3 Depths:4
Pandemonium: Depths:3
Ziggurat: Depths:1

Annotations:
Lair:4 exclusion: 2 oklob plants
Elf:2 3 runed doors


Innate Abilities, Weirdness & Mutations

You have razor-sharp teeth.
You heal very quickly.
When hurt, damage is shared between your health and your magic reserves.
Your bite disrupts and absorbs the magic of your enemies.
Potions cannot restore your health.
You are immune to rotting.
You are very agile. (Dex +4)
You are dopey. (Int -2)
You are resistant to hostile enchantments. (MR+)
You are robust. (+10% HP)
Your muscles are strong. (Str +2)
You evolve.


Message History

A yaktaur captain comes into view.
The yaktaur captain shouts!
A spriggan air mage comes into view.
The spriggan air mage shouts!
You hear a shout!
The caustic shrike completely misses you.
The caustic shrike claws you but does no damage.
The tentacled monstrosity tentacle-slaps you.
* * * LOW HITPOINT WARNING * * *
The tentacled monstrosity tentacle-slaps you but does no damage.
The tentacled monstrosity misses you. The tentacled monstrosity grabs you.
* * * LOW HITPOINT WARNING * * *
The tentacled monstrosity constricts you.
The yaktaur captain wields a glowing arbalest.
It is covered in frost.
The yaktaur captain shoots a bolt.
The bolt completely misses you.
A spriggan air mage comes into view.
The spriggan air mage waves its arms in wide circles.
The air twists around and strikes you!
You die...
Your body crumbles into a pile of gold.

########################
#.......................
#.......................
#..#####################
#..# #....c... #..#
+........ #..# $#...H.i.i
### #..# #@C.# ..# ##..#
$#Xb.# $ #.#
#...#####################
8_8#
#........................
#∩##
#........................
###
#...#####################
# #...# # #...# #
######...#


You could see a tentacled monstrosity, a caustic shrike, a frost giant, a
sphinx, a yaktaur captain and 2 spriggan air magi.

Vanquished Creatures
  Margery (Depths:3)
  The ghost of arkorax the Brawler, a veteran NaFi of Cheibriados (Depths:4)
  3 caustic shrikes (Depths:5)
  A golden dragon (Depths:3)
  A titan (Depths:2)
  7 liches
  2 deep elf blademasters (Elf:3)
  2 deep elf master archers (Elf:3)
  3 sphinxes
  An ancient champion (Vaults:2)
  An eldritch tentacle (WizLab)
  3 tengu reavers
  Agnes (D:15)
  Ilsuiw (Shoals:4)
  4 nagarajas
  3 storm dragons
  A revenant (Vaults:2)
  9 fire giants
  3 frost giants
  The ghost of p0werm0de the Sluggish Demonspawn, a journeyman DsMo of Cheibriados (Depths:2)
  12 vault wardens
  5 deep elf sorcerers
  The ghost of Goblin1989 the Blocker, a journeyman GnFi of Gozag (D:15)
  2 balrugs
  An iron dragon (Depths:1)
  A draconian shifter (WizLab)
  Aizul (Shoals:3)
  A ghoul (Vaults:2)
  A deep elf elementalist (Depths:2)
  22 very ugly things
  12 ironheart preservers
  15 stone giants
  7 deep elf demonologists
  2 vampire knights
  5 deep elf annihilators (Elf:3)
  10 deep elf death magi
  6 merfolk javelineers
  13 fire dragons
  A minotaur (Lab)
  4 deep elf high priests
  7 merfolk impalers
  An eidolon (Vaults:2)
  8 ettins
  16 yaktaur captains
  20 naga warriors
  17 vault guards
  5 great orbs of eyes
  8 rakshasas
  6 hydras
  3 spriggan air magi
  A monstrous demonspawn (Depths:3)
  12 ogre magi
  11 merfolk aquamancers
  3 merfolk avatars
  10 ice dragons
  2 catoblepae (Depths:1)
  12 anacondas
  11 centaur warriors
  2 alligator snapping turtles (Shoals:4)
  2 death knights (D:15)
  6 tengu warriors
  44 two-headed ogres
  7 deep troll shamans
  3 satyrs
  5 death yaks (D:10)
  4 spriggan berserkers
  6 deep troll earth magi
  11 shock serpents
  13 naga sharpshooters
  A vampire mage (Depths:2)
  8 orc high priests
  2 soul eaters
  A thrashing horror (WizLab)
  20 deep elf knights
  4 salamander mystics
  A shadow wraith (Vaults:3)
  A sun demon (WizLab)
  A sixfirhy (WizLab)
  5 hell knights
  2 naga ritualists
  3 skeletal warriors (Vaults:2)
  An iron troll (Depths:3)
  2 flayed ghosts
  A storm dragon skeleton (Vaults:4)
  35 sea snakes
  4 unseen horrors
  8 wizards
  5 glowing orange brains
  13 deep trolls
  A shadow dragon zombie (Depths:1)
  A lindwurm (Lair:6)
  31 harpies
  A wolf spider zombie (D:15)
  16 ironbrand convokers
  A kraken simulacrum (Shoals:4)
  15 deep elf archers
  An obsidian statue (WizLab)
  6 necromancers
  13 orc knights
  4 fauns (Shoals:3)
  An iron dragon zombie (Depths:1)
  4 orc sorcerers
  A harpy (shapeshifter) (Vaults:1)
  49 deep elf magi
  10 mana vipers
  12 salamanders
  A cyclops (shapeshifter) (Vaults:3)
  31 ugly things
  17 manticores
  8 merfolk sirens
  9 elephants
  A guardian serpent (shapeshifter) (Vaults:1)
  12 cyclopes
  2 frost giant skeletons (Vaults:4)
  11 vault sentinels
  28 black mambas
  13 guardian serpents
  8 water nymphs
  2 stone giant skeletons (Depths:1)
  Maurice (Orc:1)
  A water nymph (shapeshifter) (Depths:2)
  15 naga magi
  A smoke demon (Depths:3)
  2 orange demons (WizLab)
  3 rime drakes (Lair:6)
  A torpor snail (Lair:6)
  4 gargoyles
  7 spiny frogs
  6 freezing wraiths
  4 hellwings
  73 yaktaurs
  7 komodo dragons
  3 ancient zymes (WizLab)
  A yaktaur skeleton (WizLab)
  A demonic crawler (WizLab)
  3 red devils
  8 tengu conjurers
  8 trolls
  3 polar bears (Lair:6)
  A queen bee (shapeshifter) (D:14)
  19 merfolk
  A meliai (shapeshifter) (Vaults:4)
  8 hornets
  8 wind drakes
  10 slime creatures
  9 snapping turtles
  A polar bear (shapeshifter) (Depths:3)
  29 blink frogs
  A hippogriff (shapeshifter) (Depths:2)
  13 hippogriffs
  12 dream sheep
  2 air elementals
  2 shadows
  Sigmund (D:2)
  A spriggan (Depths:3)
  25 yaks
  Eustachio (D:4)
  A ynoxinul (Depths:3)
  A redback (Lab)
  21 water elementals
  5 wyverns
  3 wraiths (D:15)
  19 humans (D:14)
  2 basilisks (Lair:1)
  A fire elemental (Elf:3)
  A steam dragon (D:13)
  Edmund (D:4)
  4 hungry ghosts (Lab)
  2 vampire mosquitoes (D:14)
  2 insubstantial wisps (WizLab)
  8 wargs (Orc:2)
  57 nagas
  2 soldier ants
  5 spatial vortices (WizLab)
  A floating eye (Depths:4)
  2 hell hounds (WizLab)
  12 water moccasins
  7 porcupines
  3 sky beasts
  4 ice beasts
  26 orc warriors
  2 hornet zombies
  An eye of draining (D:13)
  A black bear (D:10)
  A necrophage (D:10)
  3 eyes of draining (shapeshifter)
  6 phantoms
  2 human zombies
  18 wolves
  13 boggarts
  23 centaurs
  21 ogres
  17 crocodiles
  3 big kobolds
  21 bullfrogs
  9 earth elementals
  A glowing shapeshifter simulacrum (Vaults:1)
  2 wyvern zombies
  2 scorpions
  A water moccasin skeleton (D:7)
  3 human simulacra
  9 killer bees
  17 wights
  6 electric eels
  2 bullfrog zombies
  5 crimson imps
  A jelly (D:7)
  A quasit (D:7)
  A centaur zombie (D:5)
  6 hounds
  38 orc priests
  7 centaur skeletons
  2 iron imps (Depths:3)
  18 orc wizards
  3 iguanas
  Natasha (D:2)
  7 hell rats (Lair:5)
  4 worker ants
  A howler monkey zombie (D:5)
  4 gnolls (D:7)
  A howler monkey skeleton (D:8)
  A worker ant zombie (D:10)
  5 adders
  5 shadow imps
  A white imp (Depths:3)
  2 adder zombies
  3 leopard geckos
  123 orcs
  A ball python (D:1)
  7 bats
  7 giant cockroaches
  5 goblins
  10 hobgoblins
  A hobgoblin (shapeshifter) (Depths:3)
  13 jackals
  14 kobolds
  2 quokkas
  3 frilled lizards
  A jackal zombie (D:8)
  A quokka zombie (D:5)
  8 rats
  A plant (Lair:6)
  A tentacle (Shoals:4)
1840 creatures vanquished.

Vanquished Creatures (collateral kills)
  2 elephants (Lair:6)
  A komodo dragon (Lair:6)
3 creatures vanquished.

Vanquished Creatures (others)
  2 deep elf sorcerers (Elf:3)
  A merfolk aquamancer (Shoals:4)
  4 dancing weapons
  A deep elf mage (Elf:3)
  A tengu conjurer (D:15)
  A water elemental (Shoals:4)
  A naga (Snake:1)
  2 boggarts (Depths:4)
  An orc wizard (Vaults:3)
  9 fungi
  12 plants
  2 tentacles (Shoals:4)
37 creatures vanquished.

Grand Total: 1880 creatures vanquished

Notes
Turn   | Place    | Note
-------+----------+-------------------------------------------
     0 | D:1      | namelastname112 the Vine Stalker Wanderer began the quest for the Orb.
     0 | D:1      | namelastname112 set off with: a +2 dagger, a scroll of blinking, a +0 ring mail, a +0 hand axe, a bread ration
     0 | D:1      | Reached XP level 1. HP: 11/11 MP: 2/2
   222 | D:1      | Reached XP level 2. HP: 14/15 MP: 3/3
   474 | D:1      | Reached skill level 1 in Short Blades
   592 | D:1      | Reached XP level 3. HP: 10/18 MP: 4/4
  1154 | D:2      | Reached skill level 3 in Stealth
  1171 | D:2      | Noticed Sigmund
  1412 | D:3      | Reached skill level 1 in Dodging
  1703 | D:3      | Noticed a phantom
  1973 | D:2      | Gained mutation: You have sharp toenails. [potion of mutation]
  1973 | D:2      | Gained mutation: Your spells are a little easier to cast, but a little less powerful. [potion of mutation]
  1973 | D:2      | Gained mutation: You have supernaturally acute eyesight. (SInv) [potion of mutation]
  2052 | D:3      | Gained mutation: Your natural rate of healing is unusually fast. [Vine Stalker growth]
  2052 | D:3      | Reached XP level 4. HP: 23/23 MP: 5/5
  2102 | D:3      | Killed a phantom
  2102 | D:3      | Reached XP level 5. HP: 22/27 MP: 4/6
  2286 | D:2      | Killed Sigmund
  2286 | D:2      | Reached skill level 4 in Stealth
  2286 | D:2      | Reached XP level 6. HP: 32/32 MP: 7/7
  2386 | D:2      | Noticed Natasha
  2391 | D:2      | Killed Natasha
  2859 | D:4      | Noticed Eustachio
  2927 | D:4      | Reached XP level 7. HP: 31/36 MP: 6/8
  3014 | D:4      | Noticed Edmund
  3029 | D:4      | Killed Edmund
  3561 | D:4      | Killed Eustachio
  3561 | D:4      | Reached skill level 5 in Stealth
  3729 | D:5      | Entered Level 5 of the Dungeon
  3825 | D:5      | Gained mutation: You have razor-sharp teeth. [Vine Stalker growth]
  3825 | D:5      | Reached XP level 8. HP: 38/41 MP: 9/9
  4001 | D:5      | Found a shimmering altar of Xom.
  4305 | D:6      | Reached skill level 1 in Throwing
  4706 | D:6      | Reached skill level 5 in Short Blades
  4927 | D:6      | You fall through a shaft for 2 floors!
  4986 | D:8      | Found a bloodstained altar of Trog.
  5185 | D:8      | Found a sacrificial altar of Ru.
  5185 | D:8      | Found a stormy altar of Qazlal.
  5187 | D:8      | Found a hide-covered altar of Uskayaw.
  5210 | D:7      | Reached skill level 6 in Stealth
  5535 | D:5      | Reached XP level 9. HP: 26/45 MP: 5/10
  6134 | D:7      | Found a staircase to the Ecumenical Temple.
  6142 | Temple   | Entered the Ecumenical Temple
  6247 | Temple   | Became a worshipper of Gozag Ym Sagoz the Greedy
  6612 | D:7      | Found Irhol's General Store.
  6629 | D:7      | Found a shattered altar of Ashenzari.
  6847 | D:8      | Reached skill level 7 in Stealth
  7227 | D:8      | Reached skill level 5 in Fighting
  7398 | D:9      | Noticed a troll
  7512 | D:9      | Killed a troll
  7512 | D:9      | Reached XP level 10. HP: 28/51 MP: 8/11
  7718 | D:9      | Lost mutation: You have sharp toenails. [potion of mutation]
  7718 | D:9      | Gained mutation: You are resistant to hostile enchantments. (MR+) [potion of mutation]
  7718 | D:9      | Lost mutation: You have supernaturally acute eyesight. (SInv) [potion of mutation]
  7718 | D:9      | Gained mutation: You evolve. [potion of mutation]
  8216 | D:9      | Found a staircase to the Orcish Mines.
  8224 | D:9      | Found a roughly hewn altar of Beogh.
  8259 | D:9      | Reached skill level 5 in Armour
  8403 | D:10     | Entered Level 10 of the Dungeon
  8406 | D:10     | Gained mutation: You have a pair of small horns on your head. [evolution]
  8409 | D:10     | Noticed a manticore
  8421 | D:10     | Killed a manticore
  8555 | D:10     | Reached skill level 8 in Stealth
  8721 | D:10     | Noticed a death yak
  8723 | D:10     | Found a staircase to the Lair.
  8724 | D:10     | Noticed a death yak
  8724 | D:10     | Noticed a death yak
  8725 | D:10     | Noticed a death yak
  8745 | D:10     | Noticed a death yak
  8958 | D:10     | Noticed a manticore
  8993 | D:10     | Killed a manticore
  8993 | D:10     | Reached skill level 5 in Dodging
  9133 | D:11     | Noticed a two-headed ogre
  9140 | D:11     | Killed a two-headed ogre
  9207 | D:11     | Reached XP level 11. HP: 56/56 MP: 12/12
  9441 | D:11     | Noticed a cyclops
  9472 | D:11     | Killed a cyclops
  9989 | D:11     | Noticed a green ugly thing
 10008 | D:11     | Noticed a cyclops
 10009 | D:11     | Killed a green ugly thing
 10081 | D:11     | Killed a cyclops
 10371 | D:12     | Reached skill level 5 in Throwing
 10378 | D:12     | Reached skill level 9 in Stealth
 10417 | D:12     | Noticed a cyclops
 10430 | D:12     | Killed a cyclops
 10607 | D:12     | Noticed a green ugly thing
 10614 | D:12     | Killed a green ugly thing
 10853 | D:12     | Noticed a centaur warrior
 10860 | D:12     | Killed a centaur warrior
 10875 | D:12     | Gained mutation: You are robust. (+10% HP) [evolution]
 11397 | D:13     | Noticed Nessos
 11568 | D:10     | Killed a death yak
 11573 | D:10     | Killed an unseen horror
 11573 | D:10     | Gained mutation: You heal very quickly. [Vine Stalker growth]
 11573 | D:10     | Reached XP level 12. HP: 52/68 MP: 13/13
 11591 | D:10     | Killed a death yak
 11609 | D:10     | Killed a death yak
 11609 | D:10     | Reached skill level 10 in Stealth
 11687 | D:10     | Killed a death yak
 11765 | D:10     | Killed a death yak
 11856 | Lair:1   | Entered Level 1 of the Lair of Beasts
 11898 | Lair:1   | Got a crystal long sword
 11914 | Lair:1   | Found a labyrinth entrance.
 11926 | Lab      | Entered a labyrinth
 12035 | Lab      | Reached skill level 10 in Short Blades
 12541 | Lab      | Noticed a minotaur
 12579 | Lab      | HP: 2/69 [minotaur/ichor-stained dagger {speed} (10)]
 12664 | Lab      | Killed a minotaur
 12667 | Lab      | Got an ichor-stained dagger {speed}
 12779 | Lab      | Got a fine robe
 12784 | Lair:1   | Identified the +7 dagger "Ziybuliz" {speed, rPois} (You took it off a minotaur in a labyrinth)
 12785 | Lair:1   | Identified the cursed +1 long sword "Reicuo" {venom, MP+9 Int+4 Dex+4} (You found it on level 1 of the Lair of Beasts)
 12796 | Lair:1   | Identified the +1 robe "Xiwug" {rN+} (You found it in a labyrinth)
 13742 | Lair:2   | Found a staircase to the Shoals.
 14034 | Lair:2   | Reached XP level 13. HP: 74/74 MP: 14/14
 14214 | Lair:2   | Reached skill level 11 in Stealth
 14539 | Lair:2   | Got a translucent chain mail
 14550 | Lair:2   | Identified the +0 chain mail of Lait {MR- Int+5} (You found it on level 2 of the Lair of Beasts)
 14674 | Lair:3   | Found a staircase to the Snake Pit.
 15044 | Lair:3   | Got a bloodstained ring mail
 15055 | Lair:3   | Identified the +0 ring mail of a bazaar {*Slow rPois Regen+ rCorr Stlth-} (You found it on level 3 of the Lair of Beasts)
 16699 | Lair:5   | Gained mutation: Your muscles are strong. (Str +2) [evolution]
 17225 | Lair:6   | Entered Level 6 of the Lair of Beasts
 17328 | Lair:6   | Reached XP level 14. HP: 81/81 MP: 15/15
 17371 | Lair:6   | Reached skill level 12 in Stealth
 17973 | Lair:6   | Lost mutation: Your spells are a little easier to cast, but a little less powerful. [evolution]
 18331 | Lair:6   | Found a staircase to the Slime Pits.
 18333 | Lair:6   | Found a viscous altar of Jiyva.
 18521 | Lair:6   | Identified a scroll of acquirement
 18940 | Orc:1    | Entered Level 1 of the Orcish Mines
 19093 | Orc:1    | Noticed Maurice
 19117 | Orc:1    | Killed Maurice
 19427 | Orc:2    | Entered Level 2 of the Orcish Mines
 19674 | Orc:2    | Found a roughly hewn altar of Beogh.
 19877 | Orc:2    | Found Voifyubb's Antique Weapon Emporium.
 19877 | Orc:2    | Found Bamo Warr's Distillery.
 20043 | Orc:2    | Found a roughly hewn altar of Beogh.
 20052 | Orc:2    | Gained mutation: You occasionally shout uncontrollably at your foes. [a neqoxec]
 20111 | Orc:2    | Found Pireacex's Assorted Antiques.
 20140 | Orc:2    | Found Caybeid's Antique Weapon Boutique.
 20168 | Orc:2    | Reached XP level 15. HP: 53/86 MP: 16/16
 20638 | Orc:2    | Found a staircase to the Elven Halls.
 20793 | Orc:1    | Reached skill level 13 in Stealth
 21228 | D:13     | Got a heavily runed chain mail
 21239 | D:13     | Identified the +6 chain mail of the Queen {+Inv} (You found it on level 13 of the Dungeon)
 21388 | D:13     | Noticed Nessos
 21388 | D:13     | Nessos changed into Nessos the salamander
 21406 | D:13     | Killed Nessos the salamander
 21522 | D:13     | Reached skill level 1 in Evocations
 22327 | D:14     | Found a gate to the Vaults.
 22698 | D:15     | Entered Level 15 of the Dungeon
 22757 | D:15     | Noticed Agnes
 22759 | D:15     | Killed Agnes
 22759 | D:15     | Reached skill level 10 in Fighting
 22937 | D:15     | Gained mutation: You are dopey. (Int -2) [evolution]
 23421 | D:15     | Noticed Goblin1989's ghost (journeyman GnFi)
 23847 | D:15     | Killed Goblin1989's ghost
 23870 | D:15     | Found a staircase to the Depths.
 23870 | D:15     | Noticed a frost giant
 23888 | D:15     | Killed a frost giant
 23907 | D:15     | Reached XP level 16. HP: 42/93 MP: 20/20
 23911 | D:15     | Reached skill level 5 in Evocations
 24205 | Lair:1   | Bought a scroll of acquirement for 832 gold pieces
 24207 | Lair:1   | Got a jewelled shield
 24213 | Lair:1   | Identified the -4 shield of the Bells {rElec Str+3} (You acquired it on level 1 of the Lair of Beasts)
 24296 | Snake:1  | Entered Level 1 of the Snake Pit
 24639 | Elf:1    | Entered Level 1 of the Elven Halls
 24697 | Elf:1    | Reached skill level 14 in Stealth
 24778 | Elf:1    | Found a magical portal.
 24781 | WizLab   | Entered The Roulette of Golubria
 24781 | WizLab   | Found a transporter.
 24785 | WizLab   | Found a corrupted altar of Lugonu.
 24874 | WizLab   | Found the +1 cloak of Starlight {rElec rC+ EV+4 Stlth--}
 24920 | WizLab   | Found a transporter.
 24981 | WizLab   | Found a transporter.
 24981 | WizLab   | Found a transporter.
 25137 | WizLab   | Found a transporter.
 25137 | WizLab   | Found a transporter.
 25221 | WizLab   | Found the +2 cloak of the Thief {+Fog Slay-2 SInv Stlth+}
 25225 | WizLab   | Found a transporter.
 25241 | WizLab   | Found a transporter.
 25247 | WizLab   | Got a smoking cloak
 25274 | WizLab   | Identified the +0 cloak "Kyall" {MR+} (You found it in a wizard's laboratory)
 25276 | WizLab   | Got a transparent cloak
 25287 | WizLab   | Identified the cursed -5 cloak "Oruecun" {rF+ MR+ rCorr Str-4} (You found it in a wizard's laboratory)
 25398 | WizLab   | Found a transporter.
 25398 | WizLab   | Found a transporter.
 25615 | WizLab   | Found a transporter.
 25615 | WizLab   | Found a transporter.
 25644 | WizLab   | Found a corrupted altar of Lugonu.
 25766 | WizLab   | Found a transporter.
 25766 | WizLab   | Found a transporter.
 25938 | WizLab   | Found a transporter.
 25938 | WizLab   | Found a transporter.
 25956 | WizLab   | Identified Lom Lobon's Catalogue of the Kraken
 25961 | WizLab   | Learned a level 2 spell: Blink
 25966 | WizLab   | Learned a level 4 spell: Passage of Golubria
 26199 | WizLab   | Found a transporter.
 26199 | WizLab   | Found a transporter.
 26330 | WizLab   | Found a transporter.
 26330 | WizLab   | Found a transporter.
 26356 | WizLab   | Got a pair of ichor-stained boots
 26371 | WizLab   | Identified the cursed +0 pair of boots of the Jolly Allies {rC+++ Regen+ Str+4} (You found it in a wizard's laboratory)
 26587 | Elf:1    | Reached skill level 1 in Translocations
 26711 | Elf:1    | Reached skill level 1 in Spellcasting
 26898 | Elf:1    | Reached skill level 10 in Armour
 27366 | Elf:2    | Found Kissiow's Magic Scroll Shoppe.
 27620 | Elf:2    | Found a runed gate.
 27657 | Elf:2    | Found a runed gate.
 27657 | Elf:2    | Found a runed gate.
 27903 | Elf:3    | Entered Level 3 of the Elven Halls
 28028 | Elf:3    | Reached XP level 17. HP: 100/100 MP: 23/23
 28342 | Elf:3    | Reached skill level 10 in Dodging
 29057 | Elf:3    | Reached skill level 1 in Shields
 29179 | Elf:3    | Reached skill level 5 in Translocations
 29189 | Elf:3    | Noticed a deep elf blademaster
 29200 | Elf:3    | Killed a deep elf blademaster
 29200 | Elf:3    | Reached skill level 15 in Stealth
 29482 | Elf:3    | Noticed a deep elf master archer
 29499 | Elf:3    | Noticed a deep elf master archer
 29504 | Elf:3    | Killed a deep elf master archer
 29511 | Elf:3    | Killed a deep elf master archer
 29561 | Elf:3    | Noticed a deep elf blademaster
 29757 | Elf:3    | Killed a deep elf blademaster
 29762 | Elf:3    | Got a pitted dagger {chaos}
 29764 | Elf:3    | Identified the +6 dagger "Jiniablu" {chaos, +Blink +Inv Int+2} (You took it off a deep elf demonologist on level 3 of the Elven Halls)
 29815 | Elf:3    | Found the +3 hat of Pondering {ponderous, MR+ MP+10 Int+5}
 29822 | Elf:3    | Identified The Last Secrets of the Arcane Arts
 29823 | Elf:3    | Identified Sif Muna's Incunabulum of the Mutagenic Snowflakes
 29870 | Elf:3    | Identified a +0 pair of boots of running (You found it on level 3 of the Elven Halls)
 30215 | Lair:1   | Bought a pair of ancient gloves for 380 gold pieces
 30225 | Lair:1   | Identified the +1 pair of gloves "Qus Pia" {Dex+2} (You bought it in a shop on level 1 of the Lair of Beasts)
 30724 | Lair:3   | Reached XP level 18. HP: 40/105 MP: 20/25
 31170 | Snake:1  | Got a polished ring mail
 31188 | Snake:1  | Identified the +1 ring mail of the Eight Princes {rF+ Regen+ Str+2 Stlth+} (You found it on level 1 of the Snake Pit)
 31805 | Snake:2  | Reached skill level 5 in Spellcasting
 31838 | Snake:2  | Lost mutation: You occasionally shout uncontrollably at your foes. [evolution]
 31918 | Snake:2  | Reached skill level 5 in Shields
 33309 | Snake:4  | Entered Level 4 of the Snake Pit
 33639 | Snake:4  | Reached skill level 10 in Evocations
 33919 | Snake:4  | Found Pybauj's Gadget Shoppe.
 33920 | Snake:4  | Found Diawn's Jewellery Boutique.
 33921 | Snake:4  | Found Otacvu's Gadget Shoppe.
 34243 | Snake:4  | Reached XP level 19. HP: 68/111 MP: 28/28
 34634 | Snake:4  | Reached skill level 16 in Stealth
 34884 | Snake:4  | Got a serpentine rune of Zot
 35206 | Shoals:1 | Entered Level 1 of the Shoals
 36215 | Shoals:2 | Found Weplienn's Food Boutique.
 37446 | Shoals:3 | Reached skill level 10 in Translocations
 37688 | Shoals:4 | Entered Level 4 of the Shoals
 37692 | Shoals:4 | Noticed Ilsuiw
 37700 | Shoals:4 | Noticed Aizul
 37770 | Shoals:3 | Killed Aizul
 37887 | Shoals:4 | Reached XP level 20. HP: 111/117 MP: 31/31
 37900 | Shoals:4 | Killed Ilsuiw
 37974 | Shoals:4 | Got a wavering ivory ring
 38280 | Shoals:4 | Got a barnacled rune of Zot
 38477 | Shoals:4 | Identified the ring of Ucrutrut {rC+ MP+9 Str+3 Dex+5} (You took it off a merfolk on level 4 of the Shoals)
 39031 | Shoals:4 | Gained mutation: You are agile. (Dex +2) [evolution]
 39358 | Vaults:1 | Entered Level 1 of the Vaults
 39559 | Vaults:1 | Found a flickering gateway to a bazaar.
 39591 | Bazaar   | Entered a bazaar
 39591 | Bazaar   | Found Ykufaal's Food Shop.
 39599 | Bazaar   | Found Tanaro's Antique Armour Shop.
 39604 | Bazaar   | Found Ylieg's General Store.
 39615 | Bazaar   | Found Woxuig's Book Emporium.
 39649 | Bazaar   | Found Weath's Antique Armour Shoppe.
 39657 | Bazaar   | Bought a steaming cloak for 313 gold pieces
 39667 | Bazaar   | Identified the cursed +0 cloak "Dozel" {+Fly Str+4} (You bought it in a shop in a bazaar)
 41028 | Vaults:2 | Found a staircase to the Crypt.
 41277 | Vaults:2 | Reached XP level 21. HP: 121/123 MP: 34/34
 41377 | Vaults:2 | Reached skill level 17 in Stealth
 42261 | Vaults:2 | Found a radiant altar of Vehumet.
 42295 | Vaults:2 | Reached skill level 10 in Shields
 42317 | Vaults:2 | Got an ancient hat
 42328 | Vaults:2 | Identified the cursed -2 hat "Koecs" {rPois rF+ rC-} (You found it on level 2 of the Vaults)
 42828 | Vaults:2 | Gained mutation: You are very agile. (Dex +4) [evolution]
 43423 | Vaults:3 | Reached XP level 22. HP: 102/129 MP: 36/36
 45667 | Vaults:4 | Reached skill level 18 in Stealth
 46332 | D:15     | Bought a transparent plate armour for 924 gold pieces
 46342 | D:15     | Identified the +7 plate armour of Anaesthesia {rN++ Dex-5} (You bought it in a shop on level 15 of the Dungeon)
 46366 | Depths:1 | Entered Level 1 of the Depths
 46615 | Depths:1 | Found a gateway to a ziggurat.
 46638 | Depths:1 | Reached skill level 10 in Spellcasting
 46684 | Depths:1 | Reached XP level 23. HP: 135/135 MP: 38/38
 47127 | Depths:1 | Found a gateway to Hell.
 48010 | Depths:2 | Found a one-way gate to the infinite horrors of the Abyss.
 48094 | Depths:2 | Found a blossoming altar of Fedhas.
 48094 | Depths:2 | Found a blossoming altar of Fedhas.
 48095 | Depths:2 | Found an ornate altar of the Wu Jian Council.
 48291 | Depths:2 | Noticed p0werm0de's ghost (journeyman DsMo)
 48317 | Depths:2 | Killed p0werm0de's ghost
 48813 | Depths:2 | Reached skill level 19 in Stealth
 48827 | Depths:2 | Got a sparkling granite ring
 48828 | Depths:2 | Identified the ring of Apninag {Ice Str+3} (You found it on level 2 of the Depths)
 48831 | Depths:2 | Got a scorched buckler
 48842 | Depths:2 | Identified the +2 buckler "Kycuc" {rC+ Dex-3 Stlth+} (You found it on level 2 of the Depths)
 49500 | Depths:3 | Found Gozag's Antique Armour Shoppe.
 49502 | Depths:3 | Found Gozag's Antique Armour Shoppe.
 49512 | Depths:3 | Reached XP level 24. HP: 125/141 MP: 38/38
 49514 | Depths:3 | Found an opulent altar of Gozag.
 49514 | Depths:3 | Found Gozag's Antique Weapon Emporium.
 49834 | Depths:3 | Noticed Margery
 49891 | Depths:3 | Killed Margery
 50256 | Depths:3 | Found Kamma's Jewellery Emporium.
 50256 | Depths:3 | Found Zaits's Jewellery Shoppe.
 50257 | Depths:3 | Found Yczoewkatesk's Gadget Shoppe.
 50261 | Depths:3 | Found Sovijarch's Armour Emporium.
 50352 | Depths:3 | Bought the ring "Loezahal" {rPois Int+2 Slay+2 Stlth+} for 578 gold pieces
 50427 | Depths:3 | Found a one-way gate leading to the halls of Pandemonium.
 50547 | Depths:3 | Found a portal to a secret trove of treasure.
 50917 | Depths:3 | Lost mutation: You have a pair of small horns on your head. [evolution]
 51223 | D:15     | Bought the +9 sword of Zonguldrok {reap} for 2400 gold pieces
 51223 | D:15     | Found the +9 sword of Zonguldrok {reap}
 51414 | Depths:3 | You paid a toll of the sword of Zonguldrok to enter a treasure trove
 51415 | Trove    | Entered a treasure trove
 51420 | Trove    | Identified Sif Muna's Almanac of Dislocated Evil
 51440 | Trove    | Identified Upytalos's Grimoire of Cold and Black Rituals
 51444 | Trove    | Identified Sif Muna's Compendium of Translocation
 51485 | Trove    | Identified Sif Muna's Volume of Entrancing Calling
 51527 | Depths:4 | Bought a jewelled helmet for 408 gold pieces
 51537 | Depths:4 | Identified the cursed +0 helmet "Eqifysef" {Regen+ rCorr Int+2 Slay-3} (You bought it in a shop on level 4 of the Depths)
 52134 | Depths:4 | Found a corrupted altar of Lugonu.
 52172 | Depths:4 | Noticed arkorax's ghost (veteran NaFi)
 52278 | Depths:4 | Killed arkorax's ghost
 52858 | Depths:5 | Entered Level 5 of the Depths
 52900 | Depths:5 | Noticed a caustic shrike
 52901 | Depths:5 | Noticed a caustic shrike
 52903 | Depths:5 | Noticed a caustic shrike
 52910 | Depths:5 | Noticed a caustic shrike
 52910 | Depths:5 | Noticed a caustic shrike
 52925 | Depths:5 | Killed a caustic shrike
 52936 | Depths:5 | Killed a caustic shrike
 52947 | Depths:5 | Killed a caustic shrike
 52987 | Depths:4 | Noticed a caustic shrike
 52987 | Depths:4 | Killed from afar by a spriggan air mage

Vault maps used:
D:1:      wheals_arrival_shading
D:2:      first_bread, uniq_natasha, uniq_sigmund
D:4:      uniq_edmund, uniq_eustachio
D:5:      basic_altar
D:6:      water_maze_lemuel
D:7:      ashenzari_altar_1, minmay_temple_entry_fiery, serial_shops, shop
D:8:      gammafunk_temple_overflow_claw, blue_anna_alchemist, trog_book
D:9:      minmay_orc_entry_temple_small, minmay_hedge_maze
D:10:     dpeg_lair_monsters
D:11:     nicolae_whirlpool, grunt_decor_one_mirror
D:13:     uniq_nessos
D:14:     grunt_vaults_entry_tiered, nicolae_benzene_ring
D:15:     grunt_enter_depths_snipers, hangedman_decor_points, uniq_agnes
Temple:   regret_index_temple_mists
Lair:1:   lab_entry_generic, grunt_megastairs_5
Lair:2:   elwin_shoals_entry_stream
Lair:3:   guppyfry_snake_entry_island, beast_lair_carwin_8
Lair:4:   grunt_forest_small_clearings, lemuel_fruit_tree, serial_bayou_shore_b,
          minmay_lair_oklob_chamber
Lair:6:   gammafunk_lair_ancient_temple, slime_altar_1, st_stairs_4
Shoals:1: cheibrodos_shoals_three_sisters
Shoals:2: serial_shops, shop
Shoals:4: shoals_end_grunt_ice, shoal_ilsuiw, nicolae_shoals_water_shrine,
          uniq_aizul
Snake:2:  grunt_ministairs_4, st_stairs_4
Snake:4:  grunt_snake_rune_pools, minmay_shop_grove
Orc:1:    uniq_maurice
Orc:2:    st_orc_town, basic_altar
Elf:1:    mu_enter_wizlab_7, kennysheep_underground_church
Elf:2:    serial_shops, nicolae_shop_waterfront, minivault_23,
          serial_sigils_hangedman_stare, uniq_jorgrun
Elf:3:    elf_hall_gauntlet_narrow
Vaults:1: v_alt_pattern_2, v_misc_5, vaults_standard_mumra_enter_the_diamond,
          v_misc_30, grunt_vaults_swirl, ontoclasm_vaults_ring_large,
          ontoclasm_vaults_chip, ontoclasm_vaults_pinch, vaults_dpeg_hooks,
          vaults_dpeg_diagonal, nicolae_vaults_shelves_hall, serial_shops,
          bzr_entry_islet
Vaults:2: hangedman_vaults_capsules, grunt_tower_of_power,
          minmay_crypt_entry_simple_round, ontoclasm_vaults_shuriken,
          vaults_mumra_hex, v_pattern_2, v_misc_23,
          nicolae_vaults_little_squares_4, nicolae_vaults_three_branches,
          nicolae_vaults_rhombus_6, ontoclasm_vaults_decontamination,
          vaults_room_grunt_arrival_checkpoint
Vaults:3: vaults_room_semicircle, ontoclasm_vaults_gallery,
          ontoclasm_vaults_idyll, vaults_mumra_hexcomb, vaults_room_large_hall,
          v_misc_18, nicolae_vaults_windows_and_doors_thing,
          nicolae_vaults_circle_grid_a, vaults_room_corners,
          ontoclasm_vaults_twist, vaults_dpeg_ring, ontoclasm_vaults_idyll,
          nicolae_vaults_shelves_hall, grunt_vaults_funnel,
          nicolae_vaults_mini_display_case
Vaults:4: ontoclasm_vaults_misaligned, v_misc_2, v_misc_22,
          nicolae_vaults_disjoint_gnomons, nicolae_vaults_little_squares_1,
          nicolae_vaults_big_ls, dpeg_vaults_monster_box, v_misc_11,
          nicolae_vaults_arrows, ontoclasm_vaults_tryst, vaults_room_large_hall,
          nicolae_vaults_circle_grid_a
Depths:1: enter_ziggurat_c, hellmouth_1, nicolae_twisting_strands,
          minmay_misc_feat_rows, hangedman_abyss_or_decor_lesser_grid,
          hangedman_cracks_in_the_wall
Depths:2: hangedman_slaughterboxes, abyss_entry, hell_entry, serial_shops
Depths:3: kennysheep_gozag_temple, abyss_entry, hell_entry,
          nicolae_trove_entry_crystal, minmay_misc_feat_square,
          grunt_pan_entry_zigzag, infiniplex_staircase_zigzag_4,
          minmay_shoptagon, uniq_margery
Depths:4: minmay_isolated_rectangles_in_corner, abyss_entry_flame_altar,
          lightli_too_deep, minmay_staircase_statues, moated_statue,
          nicolae_lava_and_water, grunt_ministairs_11
Depths:5: grunt_zot_entry_gee_three, pf_vacation_house_of_asmodeus
Lab:      labyrinth_watery, nicolae_lab_lava, nicolae_lab_grate,
          nicolae_lab_arrow
Bazaar:   bazaar_kb_twisted_cavern
Trove:    trove_books_scrolls
WizLab:   wizlab_golubria

Skill      XL: |  1  2  3  4  5  6  7  8  9 10 11 12 13 14 15 16 17 18 19 20 21 22 23 24 |
---------------+-------------------------------------------------------------------------+-----
Fighting       | 2 3 4 5 6 7 8 9 10 11 12 13 14 | 14.8
Short Blades   | 1 2 3 4 5 6 8 9 10 11 12 13 14 | 14.0
Stealth        | 3 4 5 6 7 8 9 10 11 12 13 14 15 16 17 18 19 | 19.7
Armour         | 2 3 4 5 6 7 8 9 10 11 12 13 | 13.7
Dodging        | 1 2 3 4 5 6 7 8 9 10 11 12 13 | 13.5
Throwing       | 2 3 4 5 6 7 8 9 |  9.9
Evocations     | 4 7 9 10 11 12 13 14 | 14.0
Translocations | 3 6 8 10 11 12 13 | 13.0
Spellcasting   | 2 4 5 6 8 9 10 | 10.1
Shields        | 3 6 8 9 10 11 12 | 12.5
Axes           | |  3.6

Action                   |  1- 3 |  4- 6 |  7- 9 | 10-12 | 13-15 | 16-18 | 19-21 | 22-24 || total
-------------------------+-------+-------+-------+-------+-------+-------+-------+-------++-------
Melee: Dagger            |   123 |   111 |   317 |   690 |  2189 |  1502 |       |       ||  4932
       Bite              |    30 |    29 |   117 |   300 |   989 |  1043 |  1445 |  1537 ||  5490
       Kick              |       |    25 |     2 |       |       |       |       |       ||    27
       Headbutt          |       |       |       |   154 |   636 |   697 |   983 |   898 ||  3368
       Quick blade       |       |       |       |       |       |   554 |  2556 |  2322 ||  5432
 Fire: Blowgun           |       |       |       |    23 |       |       |       |       ||    23
Invok: Call Merchant     |       |       |       |       |       |     8 |       |     4 ||    12
 Abil: Evoke Invisibilit |       |       |       |       |     2 |    14 |     5 |       ||    21
       Evoke Fog         |       |       |       |       |       |     1 |     1 |     1 ||     3
Evoke: Wand              |       |       |     5 |    25 |     9 |       |       |       ||    39
  Use: Scroll            |     6 |     1 |    11 |     9 |    10 |    13 |     8 |     7 ||    65
       Potion            |     1 |     1 |     1 |     4 |     1 |       |     2 |       ||    10
 Stab: Sleeping          |     8 |     3 |    15 |    19 |    26 |    33 |    30 |    26 ||   160
       Distracted        |       |       |       |     3 |    24 |    16 |    28 |    37 ||   108
       Invisible         |       |       |       |       |     6 |    38 |    35 |     8 ||    87
       Paralysed         |       |       |       |       |       |     2 |       |       ||     2
       Petrifying        |       |       |       |       |       |     2 |       |       ||     2
  Eat: Chunk             |     2 |     4 |    11 |       |       |       |       |       ||    17
       Royal jelly       |       |       |     1 |     1 |       |     1 |     1 |     6 ||    10
       Bread ration      |       |       |     1 |       |     1 |     3 |     5 |     1 ||    11
       Meat ration       |       |       |       |     4 |     6 |     5 |     1 |     3 ||    19
Armor: Ring mail         |     3 |       |       |       |       |       |       |       ||     3
       Robe              |    18 |     8 |     5 |       |       |       |       |       ||    31
       Leather armour    |       |       |    42 |    80 |       |       |       |       ||   122
       Scale mail        |       |       |       |    36 |   279 |       |       |       ||   315
       Chain mail        |       |       |       |       |   109 |   354 |   346 |    88 ||   897
       Plate armour      |       |       |       |       |       |       |       |   265 ||   265
Dodge: Dodged            |    81 |    76 |   195 |   346 |   801 |   694 |   722 |   575 ||  3490
Block: Buckler           |       |       |       |       |       |   184 |   451 |   426 ||  1061

Table legend:
 A = Spawn XP
 B = Non-spawn XP
 C = Spawn XP percentage of total XP
 D = Spawn monster count
 E = Non-spawn monster count
 F = Spawn count percentage of total count
 G = Total turns spent on level
                    A         B        C        D         E        F      G
               +---------+---------+-------+---------+---------+-------+---------
         Total |       0 |  936395 |   0.0 |       0 |    1850 |   0.0 | 52987
               +---------+---------+-------+---------+---------+-------+---------
           D:1 |       0 |      51 |   0.0 |       0 |      30 |   0.0 |   954
           D:2 |       0 |     272 |   0.0 |       0 |      11 |   0.0 |   932
           D:3 |       0 |     223 |   0.0 |       0 |      31 |   0.0 |   844
           D:4 |       0 |     570 |   0.0 |       0 |      11 |   0.0 |   999
           D:5 |       0 |     498 |   0.0 |       0 |      12 |   0.0 |   718
           D:6 |       0 |     419 |   0.0 |       0 |      12 |   0.0 |  1059
           D:7 |       0 |    1469 |   0.0 |       0 |      22 |   0.0 |   898
           D:8 |       0 |     857 |   0.0 |       0 |      19 |   0.0 |   942
           D:9 |       0 |    1555 |   0.0 |       0 |      23 |   0.0 |  1252
          D:10 |       0 |    8415 |   0.0 |       0 |      41 |   0.0 |  1049
          D:11 |       0 |    3570 |   0.0 |       0 |      20 |   0.0 |  1163
          D:12 |       0 |    4061 |   0.0 |       0 |      29 |   0.0 |  1047
          D:13 |       0 |    5842 |   0.0 |       0 |      30 |   0.0 |   932
          D:14 |       0 |   17637 |   0.0 |       0 |      56 |   0.0 |  1154
          D:15 |       0 |   25671 |   0.0 |       0 |      37 |   0.0 |  1600
        Lair:1 |       0 |    3313 |   0.0 |       0 |      15 |   0.0 |  1132
        Lair:2 |       0 |    5101 |   0.0 |       0 |      21 |   0.0 |  1084
        Lair:3 |       0 |    5207 |   0.0 |       0 |      28 |   0.0 |  1338
        Lair:4 |       0 |    2165 |   0.0 |       0 |       9 |   0.0 |   802
        Lair:5 |       0 |   10304 |   0.0 |       0 |      40 |   0.0 |  1181
        Lair:6 |       0 |   23772 |   0.0 |       0 |      77 |   0.0 |  1332
      Shoals:1 |       0 |   24893 |   0.0 |       0 |      47 |   0.0 |  1022
      Shoals:2 |       0 |   10139 |   0.0 |       0 |      19 |   0.0 |   769
      Shoals:3 |       0 |   15270 |   0.0 |       0 |      32 |   0.0 |   870
      Shoals:4 |       0 |   45347 |   0.0 |       0 |      77 |   0.0 |  1324
       Snake:1 |       0 |   24379 |   0.0 |       0 |      48 |   0.0 |   960
       Snake:2 |       0 |   20856 |   0.0 |       0 |      37 |   0.0 |  1051
       Snake:3 |       0 |   12012 |   0.0 |       0 |      19 |   0.0 |   951
       Snake:4 |       0 |   52840 |   0.0 |       0 |      96 |   0.0 |  1754
         Orc:1 |       0 |    3474 |   0.0 |       0 |      29 |   0.0 |   676
         Orc:2 |       0 |   11250 |   0.0 |       0 |      91 |   0.0 |  1364
         Elf:1 |       0 |   22054 |   0.0 |       0 |      37 |   0.0 |  1025
         Elf:2 |       0 |    8145 |   0.0 |       0 |      13 |   0.0 |   662
         Elf:3 |       0 |   52553 |   0.0 |       0 |      63 |   0.0 |  2151
      Vaults:1 |       0 |   28243 |   0.0 |       0 |      54 |   0.0 |  1420
      Vaults:2 |       0 |   89066 |   0.0 |       0 |     117 |   0.0 |  2091
      Vaults:3 |       0 |   74419 |   0.0 |       0 |     109 |   0.0 |  1710
      Vaults:4 |       0 |   52627 |   0.0 |       0 |      75 |   0.0 |  1548
      Depths:1 |       0 |   49238 |   0.0 |       0 |      74 |   0.0 |  1439
      Depths:2 |       0 |   90936 |   0.0 |       0 |      88 |   0.0 |  1821
      Depths:3 |       0 |   51925 |   0.0 |       0 |      62 |   0.0 |  1762
      Depths:4 |       0 |   31212 |   0.0 |       0 |      31 |   0.0 |  1293
      Depths:5 |       0 |   23581 |   0.0 |       0 |      12 |   0.0 |   124
           Lab |       0 |    2872 |   0.0 |       0 |       8 |   0.0 |   857
        WizLab |       0 |   18092 |   0.0 |       0 |      38 |   0.0 |  1617
               +---------+---------+-------+---------+---------+-------+---------
